 Dungeon Crawl Stone Soup version 0.31-a0-210-gccc998df9b (webtiles) character file.

Game seed: 11342892107059164510

78 innerfire43 the Trooper (level 4, -4/37 HPs)
             Began as a Demonspawn Monk on June 29, 2023.
             Slain by a gnoll
             ... wielding a +0 spear
             ... led by a gnoll bouda
              (5 damage)
             ... on level 2 of the Dungeon.
             The game lasted 00:00:50 (1256 turns).

innerfire43 the Trooper (Demonspawn Monk)           Turns: 1256, Time: 00:00:51

Health: -4/37      AC:  5    Str: 14    XL:     4   Next: 15%
Magic:  4/4        EV: 13    Int: 11    God:
Gold:   80         SH:  0    Dex: 15    Spells: 3/3 levels left

rFire   . . .        a - +0 hand axe
rCold   . . .        d - orb {light}
rNeg    . . .        b - +0 robe
rPois   .            (no helmet)
rElec   .            (no cloak)
rCorr   .            (no gloves)
SInv    .            (no boots)
Will    .....        (no amulet)
Stlth   +            (no ring)
HPRegen 0.26/turn    (no ring)
MPRegen 0.09/turn

%: no passive effects
@: weakened, glowing
A: molten scales 2, weakness stinger 1
a: no special abilities


You were on level 2 of the Dungeon.
You visited 1 branch of the dungeon, and saw 2 of its levels.

You collected 80 gold pieces.

Inventory:

Hand Weapons
 a - a +0 hand axe (weapon)
Armour
 b - a +0 robe (worn)
 d - an orb of light (worn)
Jewellery
 f - an amulet of the acrobat
 j - a +4 ring of protection
Scrolls
 e - a scroll of revelation {unknown}
 g - a scroll of identify {unknown}
 h - 2 scrolls of noise {unknown}
 i - a scroll of vulnerability {unknown}
 k - a scroll of brand weapon {unknown}
 l - a scroll of enchant armour {unknown}
 n - a scroll of fog {unknown}
Potions
 c - a potion of ambrosia
 m - a potion of curing {unknown}


   Skills:
 + Level 3.8 Fighting
 + Level 3.4 Axes
 + Level 3.3 Dodging


You had 3 spell levels left.
You didn't know any spells.
Your spell library was empty.

Dungeon Overview and Level Annotations

Branches:
Dungeon (2/15)

Altars:


Innate Abilities, Weirdness & Mutations

You are mostly covered in molten scales. (AC +3)
You have a small tail.


Message History

You hit the gnoll bouda.
The gnoll bouda is heavily wounded.
You hit the gnoll. The gnoll hits you with a +0 whip.
The gnoll bouda hits you with a +0 club.
You hit the gnoll bouda.
You tail-slap the gnoll bouda, but do no damage.
The gnoll bouda is heavily wounded.
You barely miss the gnoll. The gnoll misses you.
The gnoll hits you with a +0 whip. The gnoll bouda barely misses you.
You hit the gnoll bouda but do no damage.
The gnoll bouda is heavily wounded.
You hit the gnoll. x2; The gnoll hits you with a +0 club.
The gnoll barely misses you.
The gnoll hits you but does no damage. x2
The gnoll bouda closely misses you. The gnoll closely misses you.
You hit the gnoll bouda.
The gnoll bouda is severely wounded.
You hit the gnoll.
You kill the gnoll!
You hit the gnoll. The gnoll closely misses you.
The gnoll bouda gazes fiercely through you!
You feel your attacks grow feeble. The gnoll bouda barely misses you.
The gnoll misses you. The gnoll hits you with a +0 club.
You hit the gnoll bouda.
The gnoll bouda is almost dead.
You hit the gnoll. The gnoll closely misses you.
The gnoll hits you but does no damage.
The gnoll bouda hits you with a +0 club!
The gnoll hits you with a +0 club.
* * * LOW HITPOINT WARNING * * *
You are too injured to fight recklessly!
Unknown command.
You are too injured to fight recklessly!
You hit the gnoll.
The gnoll is severely wounded.
You hit the gnoll bouda.
The gnoll hits you from afar with a +0 halberd!
* * * LOW HITPOINT WARNING * * *
The gnoll hits you from afar with a +0 spear.
You die...

........######......
.......# ######> #.....#
#### #.....# #...
#....)#########.##
###........##...#
#..........##.###
..######.##.......##....
.....gg@.####+###.#...##
.....gg).+ #.#.#.#
.........# ##.#.#.#
.........# ##..#.#.#
.........# #.......#
########## #.####### #.
#. #


You could see a gnoll bouda and 3 gnolls.

Vanquished Creatures
  2 adders (D:2)
  A gnoll (D:2)
  A worm (D:2)
  3 dart slugs (D:1)
  3 bats (D:1)
  2 endoplasms
  A giant cockroach (D:1)
  5 goblins
  4 hobgoblins
  6 jackals (D:1)
  2 quokkas
  2 ball pythons (D:1)
  A frilled lizard (D:2)
  3 kobolds
  A rat (D:1)
37 creatures vanquished.

Notes
Turn   | Place    | Note
-------+----------+-------------------------------------------
     0 | D:1      | innerfire43 the Demonspawn Monk began the quest for the
                  | Orb.
     0 | D:1      | Reached XP level 1. HP: 18/18 MP: 1/1
   161 | D:1      | Gained mutation: You are partially covered in molten
                  | scales. (AC +2) [demonic ancestry]
   161 | D:1      | Reached XP level 2. HP: 14/24 MP: 2/2
   480 | D:1      | Gained mutation: You have a small tail. [demonic ancestry]
   480 | D:1      | Reached XP level 3. HP: 26/29 MP: 3/3
  1244 | D:2      | Gained mutation: You are mostly covered in molten scales.
                  | (AC +3) [demonic ancestry]
  1244 | D:2      | Reached XP level 4. HP: 35/37 MP: 4/4
  1256 | D:2      | HP: 1/37 [gnoll/+0 halberd[a gnoll bouda] (8)]
  1256 | D:2      | Slain by a gnoll

Illustrated notes

Levels and vault maps discovered:
D:1:      ldierk_walled_garden, layout_basic
D:2:      layout_basic, ebering_ecumenical_altar_hall

Skill      XL: |  1  2 |
---------------+-------+-----
Axes           | 3 |  3.4
Dodging        | 3 |  3.3
Fighting       | |  3.8

Action                     |  1- 3 |  4- 6 || total
---------------------------+-------+-------++-------
  Melee: Hand axe          |    91 |     7 ||    98
         Tailslap          |     7 |     1 ||     8
 Armour: Robe              |    15 |     3 ||    18
  Dodge: Dodged            |    58 |    10 ||    68

Table legend: (Time is in decaauts)
 A = Elapsed time spent in this place.
 B = Non-inter-level travel time spent in this place.
 C = Inter-level travel time spent in this place.
 D = Time resting spent in this place.
 E = Time spent auto-exploring this place.
 F = Levels seen in this place.
 G = Mean time per level.
                   A        B        C        D        E       F      G
               +--------+--------+--------+--------+--------+-----+--------+
         Total |   1270 |   1259 |     11 |      0 |   1042 |   2 |  635.0 |
       Dungeon |   1270 |   1259 |     11 |      0 |   1042 |   2 |  635.0 |
               +--------+--------+--------+--------+--------+-----+--------+

Top non-repeatable levels by time:
     D:1: 968 daAuts
     D:2: 302 daAuts
